 Dungeon Crawl Stone Soup version bcrawl-1.12-10-g10a67aac0f (webtiles) character file.

Game seed: 9879995780971207756

6136 Freyura the Fighter (level 10, -5/96 HPs)
             Began as a Hill Orc Berserker on June 16, 2019.
             Was an Elder of Trog.
             Slain by an orc warrior
             ... wielding a +0 glaive
              (6 damage)
             ... on level 8 of the Dungeon.
             The game lasted 00:25:07 (8132 turns).

Freyura the Fighter (Hill Orc Berserker)            Turns: 8132, Time: 00:25:08

Health: -5/96      AC: 14    Str: 21    XL:     10   Next: 89%
Magic:  0/14       EV: 16    Int:  7    God:    Trog [****..]
Gold:   298        SH:  0    Dex: 18    Spells: 9/9 levels left

rFire    . . .     SeeInvis .   l - +3 quarterstaff
rCold    . . .     Gourm    .   (shield currently unavailable)
rNeg     . . .     Faith    .   u - +2 ring mail {rPois}
rPois    +         Spirit   +   (no helmet)
rElec    +         Reflect  .   a - +0 cloak
rCorr    .         Harm     .   o - +0 pair of gloves
MR       ++...                  i - +1 pair of boots
Stlth    ++........             d - amulet of guardian spirit
HPRegen  1.26/turn              m - ring of insulation
MPRegen  0.14/turn              (no ring)

@: agile, lethally poisoned (-5 -> -5), berserk cooldown, regenerating, slowed,
very slow
A: no striking features
a: Berserk, Trog's Hand, Brothers in Arms, Renounce Religion


You were on level 8 of the Dungeon.
You worshipped Trog.
Trog was greatly pleased with you.
You were near starving.

You visited 1 branch of the dungeon, and saw 8 of its levels.

You collected 496 gold pieces.
You spent 198 gold pieces at shops.

Inventory:

Hand Weapons
 l - a +3 quarterstaff (weapon)
 y - a +0 dire flail
Armour
 a - a +0 cloak (worn)
 i - a +1 pair of boots (worn)
 o - a +0 pair of gloves (worn)
 u - a +2 ring mail of poison resistance (worn)
Jewellery
 d - an amulet of guardian spirit (around neck)
 m - a ring of insulation (left hand)
Wands
 f - a wand of acid (16)
 r - a wand of iceblast (5)
 s - a wand of digging (4)
Scrolls
 g - 2 scrolls of identify
 h - 3 scrolls of teleportation
 n - a scroll of immolation {unknown}
 p - a scroll of magic mapping
 q - 2 scrolls of fog
 w - a scroll of remove curse {unknown}
Potions
 b - 3 potions of curing
 e - a potion of heal wounds
 j - 2 potions of berserk rage
 t - a potion of haste
 v - a potion of magic {unknown}
 x - a potion of ambrosia {unknown}
Comestibles
 c - 12 rations {!d}


   Skills:
 * Level 11.3 Fighting
   Level 11.3 Short Blades
   Level 11.3 Long Blades
   Level 11.3 Axes
   Level 11.3 Maces & Flails
   Level 11.3 Polearms
   Level 11.3 Staves
 + Level 9.0 Armour
 - Level 1.5 Dodging
   Level 11.3 Unarmed Combat
 + Level 6.6 Evocations


You had 9 spell levels left.
You didn't know any spells.
Your spell library was empty.

Dungeon Overview and Level Annotations

Branches:
Dungeon (8/12)             Temple (0/1) D:5            Lair (0/6) D:7
    Orc (0/1) D:8

Altars:
Elyvilon
Fedhas
Lugonu
Nemelex Xobeh
Okawaru
Qazlal
Uskayaw
The Shining One

Shops:
D:5 [   D:6 (   D:8 %

Annotations:
D:3 2 transporters


Message History

The gnoll sergeant closely misses you.
A gnoll sergeant comes into view. It is wielding a -3 spear.
Your ogre goes berserk!
You are near starving!
The orc warrior closely misses you.
The gnoll sergeant hits you but does no damage.
The orc warrior hits you with a +3 trident!
* * * LOW HITPOINT WARNING * * *
The gnoll sergeant misses you.
The gnoll sergeant hits you from afar with a +4 spear of venom.
* * * LOW HITPOINT WARNING * * *
You swap places.
You feel sick.
Your ogre barely misses the orc warrior.
The orc warrior closely misses you.
The orc warrior hits you from afar with a +3 trident.
* * * LOW HITPOINT WARNING * * *
The orc warrior misses you.
Your ogre hits the orc warrior with a +0 giant club!
The orc warrior hits you from afar with a +0 glaive!
You die...

.................#
#......#########
#.......####
#.....#+#..#
###...'∩'..#
#.....#+#..#
#.#.(......#
#.#######..# #@#
#..# #O# #..#
#oogggo.####
#.#gog..#
#.#8g..8# #.#
##### #.. ... ...


You could see 2 orc warriors, a gnoll sergeant, a gnoll and a friendly ogre
(berserk).

Vanquished Creatures
  A hydra (D:7)
  A two-headed ogre (D:7)
  2 ugly things
  A troll (D:7)
  Sigmund (D:3)
  2 hungry ghosts
  Edmund (D:4)
  2 ice beasts
  A necrophage (D:6)
  2 orc warriors (D:6)
  3 sky beasts
  A phantom (D:6)
  3 ogres
  2 centaurs
  5 big kobolds
  3 bullfrogs
  3 gnoll sergeants (D:8)
  A scorpion (D:8)
  2 howler monkeys
  6 crimson imps
  2 bullfrog skeletons
  A jelly (D:6)
  8 orc priests
  8 orc wizards
  A centaur skeleton (D:6)
  5 hounds
  2 worker ants
  A killer bee zombie (D:7)
  2 hound zombies
  A hound skeleton (D:4)
  A howler monkey zombie (D:5)
  A worker ant zombie (D:5)
  6 adders
  2 shadow imps
  3 oozes
  2 adder skeletons
  An adder zombie (D:5)
  4 worms
  2 dart slugs
  3 leopard geckos
  18 orcs
  A ball python (D:1)
  4 bats
  2 giant cockroaches
  7 goblins
  5 hobgoblins
  18 kobolds
  3 quokkas
  6 frilled lizards
  A jackal skeleton (D:7)
  2 jackal zombies (D:5)
  6 rats
172 creatures vanquished.

Vanquished Creatures (others)
  An orc wizard (D:6)
1 creature vanquished.

Grand Total: 173 creatures vanquished

Notes
Turn   | Place    | Note
-------+----------+-------------------------------------------
     0 | D:1      | Freyura the Hill Orc Berserker began the quest for the Orb.
     0 | D:1      | Reached XP level 1. HP: 22/22 MP: 1/1
    30 | D:1      | Reached skill level 5 in Fighting
   439 | D:1      | Reached XP level 2. HP: 28/29 MP: 2/2
   859 | D:1      | Reached XP level 3. HP: 27/36 MP: 3/3
  1465 | D:2      | Reached ** piety under Trog
  2006 | D:3      | Found a blossoming altar of Fedhas.
  2006 | D:3      | Found a glowing golden altar of the Shining One.
  2006 | D:3      | Found a hide-covered altar of Uskayaw.
  2010 | D:3      | Found a transporter.
  2022 | D:3      | Found a transporter.
  2054 | D:3      | Reached XP level 4. HP: 44/44 MP: 4/4
  2299 | D:3      | Noticed Sigmund
  2306 | D:3      | Killed Sigmund
  2306 | D:3      | Reached skill level 6 in Fighting
  2306 | D:3      | Reached XP level 5. HP: 51/51 MP: 3/5
  2306 | D:3      | Reached XP level 6. HP: 58/58 MP: 3/6
  2898 | D:4      | Reached skill level 7 in Fighting
  3125 | D:4      | Found a sparkling altar of Nemelex Xobeh.
  3128 | D:4      | Noticed Edmund
  3153 | D:4      | Killed Edmund
  3153 | D:4      | Reached XP level 7. HP: 61/66 MP: 7/7
  3590 | D:5      | Entered Level 5 of the Dungeon
  3743 | D:5      | Reached skill level 8 in Fighting
  3897 | D:5      | Found a staircase to the Ecumenical Temple.
  3924 | D:5      | Reached skill level 5 in Armour
  3924 | D:5      | Reached XP level 8. HP: 54/74 MP: 4/8
  3974 | D:5      | Found Voxoem Biplo's Armour Shoppe.
  3979 | D:5      | Bought a +2 ring mail of poison resistance for 198 gold
                  | pieces
  4079 | D:5      | Reached skill level 1 in Evocations
  4117 | D:5      | Reached *** piety under Trog
  4124 | D:5      | Found a white marble altar of Elyvilon.
  4466 | D:5      | Found a stormy altar of Qazlal.
  4468 | D:5      | Found an iron altar of Okawaru.
  4468 | D:5      | Found a corrupted altar of Lugonu.
  4614 | D:6      | Found Oquff's Weapon Shop.
  4643 | D:6      | Reached skill level 9 in Fighting
  4649 | D:6      | Reached XP level 9. HP: 83/83 MP: 9/11
  4919 | D:6      | Reached **** piety under Trog
  5395 | D:6      | Reached skill level 10 in Fighting
  5609 | D:6      | Noticed a purple ugly thing
  5619 | D:6      | Killed a purple ugly thing
  6256 | D:7      | Found a staircase to the Lair.
  6263 | D:7      | Reached skill level 5 in Evocations
  6271 | D:7      | Reached XP level 10. HP: 76/93 MP: 10/13
  6898 | D:7      | Noticed an eight-headed hydra
  6909 | D:7      | Killed an eight-headed hydra
  7209 | D:7      | Noticed a green ugly thing
  7216 | D:7      | Killed a green ugly thing
  7438 | D:7      | Noticed a two-headed ogre
  7455 | D:7      | Killed a two-headed ogre
  7455 | D:7      | Reached skill level 11 in Fighting
  7787 | D:7      | Received a gift from Trog
  8079 | D:8      | Found Pueco's Food Boutique.
  8096 | D:8      | Found a staircase to the Orcish Mines.
  8131 | D:8      | HP: 4/96 [orc warrior/+3 trident (8)]
  8132 | D:8      | HP: 1/96 [orc warrior/+3 trident (2)]
  8132 | D:8      | Slain by an orc warrior

Skill      XL: |  1  2  3  4  5  6  7  8  9 10 |
---------------+-------------------------------+-----
Fighting       | 5 6 7 8 9 10 11 | 11.3
Armour         | 3 4 5 6 7 9 |  9.0
Evocations     | 3 5 6 |  6.6
Short Blades   | | 11.3
Long Blades    | | 11.3
Axes           | | 11.3
Maces & Flails | | 11.3
Polearms       | | 11.3
Staves         | | 11.3
Dodging        | |  1.5
Unarmed Combat | | 11.3

Action                   |  1- 3 |  4- 6 |  7- 9 | 10-12 || total
-------------------------+-------+-------+-------+-------++-------
Melee: Mace              |    90 |       |       |       ||    90
       Quarterstaff      |    12 |    79 |   315 |   130 ||   536
       Punch             |     1 |       |       |       ||     1
Invok: Berserk           |       |     2 |     6 |     7 ||    15
       Trog's Hand       |       |       |     1 |     1 ||     2
       Brothers in Arms  |       |       |       |     1 ||     1
  Use: Scroll            |     5 |     1 |    10 |       ||    16
       Potion            |       |       |       |     1 ||     1
  Eat: Chunk             |     2 |     3 |    14 |     7 ||    26
       Ration            |       |     1 |     1 |     2 ||     4
Armor: Animal skin       |     8 |       |       |       ||     8
       Ring mail         |    16 |    30 |   164 |    61 ||   271
Dodge: Dodged            |    67 |    44 |   173 |    96 ||   380
